 Dungeon Crawl Stone Soup version 0.28-a0-794-gafe8c5f9e9 (webtiles) character file.

Game seed: 83868302511644745

2 kae the Caller (level 1, 0/10 HPs)
             Began as a Tengu Summoner on Nov 5, 2021.
             Slain by a hobgoblin (2 damage)
             ... on level 1 of the Dungeon.
             The game lasted 00:00:05 (33 turns).

kae the Caller (Tengu Summoner)                       Turns: 33, Time: 00:00:06

Health: 0/10       AC:  2    Str:  8    XL:     1   Next: 30%
Magic:  3/4        EV: 12    Int: 15    God:
Gold:   0          SH:  0    Dex: 14    Spells: 3/4 levels left

rFire   . . .      SeeInvis .   (no weapon)
rCold   . . .      Faith    .   (no shield)
rNeg    . . .      Spirit   .   a - +0 robe
rPois   .          Reflect  .   (helmet restricted)
rElec   .          Harm     .   (no cloak)
rCorr   .          Rampage  .   (no gloves)
Will    .....                   (boots unavailable)
Stlth   ++........              (no amulet)
HPRegen 0.03/turn               (no ring)
MPRegen 0.09/turn               (no ring)

@: no status effects
A: beak, talons 3
a: no special abilities


You were on level 1 of the Dungeon.
You visited 1 branch of the dungeon, and saw 1 of its levels.

Inventory:

Armour
 a - a +0 robe (worn)


   Skills:
 + Level 0.1 Fighting
 + Level 2.2 Dodging
 - Level 2.0 Stealth
 + Level 2.0 Spellcasting
 * Level 4.9 Summonings


You had 3 spell levels left.
You knew the following spells:

 Your Spells              Type           Power      Damage    Failure   Level
a - Summon Small Mammal   Summ           64%        N/A       3%          1

Your spell library contained the following spells:

 Spells                   Type           Power      Damage    Failure   Level
 Call Imp                 Summ           16%        N/A       4%          2
 Call Canine Familiar     Summ           16%        N/A       9%          3
 Summon Guardian Golem    Hex/Summ       8%         N/A       24%         3
 Summon Lightning Spire   Summ/Air       8%         N/A       63%         4


Dungeon Overview and Level Annotations

Branches:
Dungeon (1/15)

Altars:


Innate Abilities, Weirdness & Mutations

You have a beak for a mouth.
You have claws for feet.


Message History

There is an open door here.
Casting: Summon Small Mammal (safe; 3% risk of failure)
Confirm with . or Enter, or press ? or * to list all spells.
Your rat bites the frilled lizard.
The frilled lizard dies!
No target in view!
No target in view!
Magic restored.
You see here a frilled lizard corpse.
A ball python comes into view.
The ball python hisses angrily.
You see here a scroll labelled FYEFUC XIUM.
A ball python is nearby!
A hobgoblin comes into view.
The ball python bites you. The ball python grabs you.
The ball python constricts you.
You closely miss the ball python. The ball python bites you.
The ball python constricts you.
You are too injured to fight recklessly!
You are too injured to fight recklessly!
You are too injured to fight recklessly!
You are too injured to fight recklessly!
You are too injured to fight recklessly!
You are too injured to fight recklessly!
You hit the ball python. Your peck misses the ball python.
The ball python is heavily wounded.
The ball python bites you but does no damage.
The ball python constricts you.
Your rat bites the ball python.
The ball python dies!
Casting: Summon Small Mammal (safe; 3% risk of failure)
Confirm with . or Enter, or press ? or * to list all spells.
The hobgoblin shouts!
You hit the hobgoblin. Your kick misses the hobgoblin.
The hobgoblin is moderately wounded.
The hobgoblin hits you.
* * * LOW HITPOINT WARNING * * *
You barely miss the hobgoblin.
The hobgoblin is moderately wounded.
The hobgoblin hits you.
You die...

#### ♣♣♣♣♣
##..#######...♣♣♣
#<...'..........♣♣♣♣###
#....#...†.............
##..#######?...........
#+##..................
#....P....r........
#.P......#..#.....
#8.P.P...#r@# ....
#.P...P..#.g# ..
#......P.#..#
#.P.P.P..#..#
8.......##+#


You could see a hobgoblin (ally target) and 2 friendly rats.

Vanquished Creatures (collateral kills)
  A ball python (D:1)
  A frilled lizard (D:1)
2 creatures vanquished.

Notes
Turn   | Place    | Note
-------+----------+-------------------------------------------
     0 | D:1      | kae the Tengu Summoner began the quest for the Orb.
     0 | D:1      | Reached XP level 1. HP: 10/10 MP: 4/4
    33 | D:1      | Slain by a hobgoblin

Illustrated notes

Levels and vault maps discovered:
D:1:      sevenhm_arrival_forest_fort_large_4, layout_basic

Action                   || total
-------------------------++-------
Melee: Unarmed           ||     4
 Cast: Summon Small Mamm ||     2
Armor: Robe              ||     1

Table legend: (Time is in decaauts)
 A = Elapsed time spent in this place.
 B = Non-inter-level travel time spent in this place.
 C = Inter-level travel time spent in this place.
 D = Time resting spent in this place.
 E = Time spent auto-exploring this place.
 F = Levels seen in this place.
 G = Mean time per level.
                   A        B        C        D        E       F      G
               +--------+--------+--------+--------+--------+-----+--------+
         Total |     33 |     33 |      0 |      0 |     16 |   1 |   33.0 |
       Dungeon |     33 |     33 |      0 |      0 |     16 |   1 |   33.0 |
               +--------+--------+--------+--------+--------+-----+--------+

Top non-repeatable levels by time:
     D:1: 33 daAuts
